[Event "14th Poti Open-A 2019"]
[Site "Poti"]
[Date "2019.07.13"]
[Round "1.1"]
[White "Yeritsyan, Hayk"]
[Black "Gabuzyan, Hovhannes"]
[Result "1-0"]
[ECO "A68"]
[WhiteElo "2210"]
[BlackElo "2622"]
[Annotator "RC"]
[PlyCount "107"]
[EventDate "2019.07.13"]
[EventType "swiss"]
[EventCountry "GEO"]
[SourceTitle "playchess.com"]
[Source "ChessBase"]
[SourceQuality "1"]
[TimeControl "40/5400+30:1800+30"]

1. d4 Nf6 2. c4 c5 3. d5 e6 4. Nc3 exd5 5. cxd5 d6 6. e4 g6 7. f4 Bg7 8. Nf3 O-O 9. Be2 Bg4 10. O-O Bxf3 11. Bxf3 Nbd7 12. g4 Rb8 13. g5 Ne8 14. h4 Nc7 15. Kg2 b5 16. h5 b4 17. Ne2 f6 18. gxf6 Rxf6 19. Ng3 Qe7 20. e5 dxe5 21. Ne4 Rbb6 22. Nxf6+ Rxf6 23. fxe5 Qxe5 24. Qe2 gxh5 25. Qxe5 Nxe5 26. Be4 Ra6 27. Be3 Nd7 28. Bf4 Be5 29. Bxe5 Nxe5 30. Kh3 Nb5 31. Rf5 Ng6 32. Bd3 Nd4 33. Bxa6 Nxf5 34. Rf1 Ne3 35. Rf3 Ng4 36. d6 N4e5 37. Rf5 Kg7 38. Bc4 Nxc4 39. d7 Nd6 40. d8=Q Nxf5 41. Qc7+ Kf6 42. Qxc5 Nf4+ 43. Kh2 h4 44. Qxa7 h3 45. a4 bxa3 46. bxa3 h5 47. a4 Nh6 48. Kg3 Ne6 49. Kxh3 Nf5 50. a5 Ng5+ 51. Kh2 h4 52. Qb7 Nd4 53. a6 Ndf3+ 54. Kh1 1-0

[Event "14th Poti Open-A 2019"]
[Site "Poti"]
[Date "2019.07.13"]
[Round "1.12"]
[White "Urazayev, Arystanbek"]
[Black "Buniatyan, David"]
[Result "1-0"]
[ECO "B03"]
[WhiteElo "2436"]
[BlackElo "2014"]
[Annotator "RC"]
[PlyCount "79"]
[EventDate "2019.07.13"]
[EventType "swiss"]
[EventCountry "GEO"]
[SourceTitle "playchess.com"]
[Source "ChessBase"]
[SourceQuality "1"]
[TimeControl "40/5400+30:1800+30"]

1. e4 Nf6 2. e5 Nd5 3. c4 Nb6 4. d4 d6 5. exd6 exd6 6. h3 Be7 7. Nf3 Bf5 8. Be2 O-O 9. O-O Bf6 10. Nc3 Nc6 11. Bf4 Re8 12. Qd2 d5 13. c5 Nc4 14. Bxc4 dxc4 15. d5 Nb4 16. d6 cxd6 17. cxd6 Qa5 18. Bg5 Bxg5 19. Qxg5 f6 20. Qh5 g6 21. Qh4 Kg7 22. a3 Nc2 23. Rac1 Bd3 24. Rfd1 Rad8 25. Rd2 Qf5 26. Qg3 b5 27. Rcxc2 Bxc2 28. Nd4 Qc5 29. Nxc2 Re5 30. Ne3 Kf7 31. Qf3 Rxd6 32. Ne4 Rxe4 33. Rxd6 f5 34. Rd5 Qe7 35. Rxb5 Kg8 36. Qd1 Kg7 37. Rd5 Kh6 38. Qd2 Kh5 39. g4+ Kh4 40. Nxf5+ 1-0

[Event "14th Poti Open-A 2019"]
[Site "Poti"]
[Date "2019.07.13"]
[Round "1.13"]
[White "Suleymanli, Suleyman"]
[Black "Arabidze, Meri"]
[Result "0-1"]
[ECO "A06"]
[WhiteElo "2007"]
[BlackElo "2402"]
[Annotator "RC"]
[PlyCount "96"]
[EventDate "2019.07.13"]
[EventType "swiss"]
[EventCountry "GEO"]
[SourceTitle "playchess.com"]
[Source "ChessBase"]
[SourceQuality "1"]
[TimeControl "40/5400+30:1800+30"]

1. Nf3 d5 2. g3 Nf6 3. Bg2 e6 4. d4 b5 5. a4 b4 6. c4 bxc3 7. Nxc3 Be7 8. O-O O-O 9. Bf4 c6 10. Ne5 Nfd7 11. Nxd7 Nxd7 12. Rc1 Ba6 13. Qd2 Rc8 14. Rfd1 f5 15. Qe3 Kf7 16. h4 Nf6 17. Bh3 Bd6 18. Be5 Re8 19. Nb1 Ne4 20. Nd2 Bxe5 21. dxe5 Qb6 22. Nxe4 fxe4 23. Qxb6 axb6 24. e3 Bd3 25. Bf1 Bxf1 26. Kxf1 c5 27. g4 Ra8 28. b3 h5 29. g5 Kg6 30. Ke2 Kf5 31. Rd2 Kxe5 32. Ra2 Kd6 33. b4 Ra6 34. bxc5+ bxc5 35. Rb1 Rea8 36. Rba1 Ra5 37. Kd2 Rb8 38. Kc3 e5 39. Rb2 d4+ 40. Kc2 Rxb2+ 41. Kxb2 c4 42. Ka3 Kc5 43. Rb1 c3 44. Rb7 Kc6 45. Rxg7 Rc5 46. Rg8 Kb7 47. Rg7+ Ka6 48. Kb4 Rc6 0-1

[Event "14th Poti Open-A 2019"]
[Site "Poti"]
[Date "2019.07.13"]
[Round "1.15"]
[White "Janiashvili, Mariami"]
[Black "Gharibyan, Mamikon"]
[Result "0-1"]
[ECO "D39"]
[WhiteElo "1993"]
[BlackElo "2350"]
[Annotator "ChessBase"]
[PlyCount "108"]
[EventDate "2019.07.13"]
[EventType "swiss"]
[EventCountry "GEO"]
[SourceTitle "playchess.com"]
[Source "ChessBase"]
[SourceQuality "1"]
[TimeControl "40/5400+30:1800+30"]

1. d4 Nf6 2. c4 e6 3. Nf3 d5 4. Nc3 Bb4 5. Bg5 dxc4 6. e4 h6 7. Bxf6 Qxf6 8. Bxc4 c5 9. O-O O-O 10. a3 Bxc3 11. bxc3 cxd4 12. cxd4 Rd8 13. Qe2 Nc6 14. Rad1 Qe7 15. Qe3 Na5 16. Ba2 Bd7 17. Ne5 Ba4 18. Rd2 Bb5 19. Rb1 Be8 20. f4 f6 21. Nf3 Bf7 22. Qc3 b6 23. Rc1 Qb7 24. Qd3 Rac8 25. Rdc2 Rxc2 26. Qxc2 Qe7 27. Qc3 Nb7 28. e5 f5 29. Qb4 Qd7 30. Qc4 Qe7 31. Qb4 Qe8 32. Qc4 Kh7 33. Qc2 Qe7 34. Qc3 Rd7 35. Qb4 Qe8 36. Qb1 Qe7 37. Qb4 Qe8 38. Qb1 Bh5 39. Qb3 Nd8 40. Rc4 Rd5 41. Qc3 Rd7 42. Bb3 Qf8 43. Ba4 Rd5 44. Bd1 Qe7 45. Ng5+ hxg5 46. Qh3 g6 47. Bxh5 gxh5 48. Qxh5+ Kg7 49. Rc3 Nf7 50. fxg5 Rd8 51. h4 Rxd4 52. g3 Qd8 53. Rc1 Rg4 54. g6 Nh6 0-1

[Event "14th Poti Open-A 2019"]
[Site "Poti"]
[Date "2019.07.13"]
[Round "1.16"]
[White "Chkhaidze, Nikoloz"]
[Black "Elashvili, Giorgi"]
[Result "1-0"]
[ECO "D39"]
[WhiteElo "2330"]
[BlackElo "1978"]
[Annotator "ChessBase"]
[PlyCount "63"]
[EventDate "2019.07.13"]
[EventType "swiss"]
[EventCountry "GEO"]
[SourceTitle "playchess.com"]
[Source "ChessBase"]
[SourceQuality "1"]
[TimeControl "40/5400+30:1800+30"]

1. d4 Nf6 2. c4 e6 3. Nc3 d5 4. Nf3 Bb4 5. Bg5 dxc4 6. e4 c5 7. e5 cxd4 8. Nxd4 Bxc3+ 9. bxc3 Qa5 10. exf6 Qxg5 11. fxg7 Qxg7 12. Qd2 O-O 13. Bxc4 Rd8 14. Qe3 Nd7 15. O-O Nb6 16. Bb3 Nd5 17. Bxd5 Rxd5 18. f4 Bd7 19. Rf3 Kh8 20. f5 e5 21. f6 Qg6 22. Ne2 Bb5 23. Ng3 Re8 24. Re1 Rd3 25. Qc5 Bc6 26. Rxd3 Qxd3 27. Rxe5 Qd1+ 28. Nf1 Rd8 29. Qe3 Rg8 30. Rg5 Re8 31. Qg3 Be4 32. Rd5 1-0

[Event "14th Poti Open-A 2019"]
[Site "Poti"]
[Date "2019.07.13"]
[Round "1.17"]
[White "Manukyan, Aleks"]
[Black "Kucher, Kostyantyn"]
[Result "1-0"]
[ECO "A36"]
[WhiteElo "2097"]
[BlackElo "1724"]
[Annotator "NA"]
[PlyCount "91"]
[EventDate "2019.07.13"]
[EventType "swiss"]
[EventCountry "GEO"]
[SourceTitle "playchess.com"]
[Source "ChessBase"]
[SourceQuality "1"]
[TimeControl "40/5400+30:1800+30"]

1. c4 c5 2. Nc3 Nc6 3. g3 g6 4. Bg2 Bg7 5. d3 e5 6. h4 h6 7. e3 Nge7 8. Nge2 O-O 9. a3 d6 10. Nd5 Nxd5 11. cxd5 Ne7 12. Nc3 f5 13. O-O Qe8 14. b4 cxb4 15. axb4 g5 16. hxg5 hxg5 17. Bd2 f4 18. g4 Ng6 19. Be4 Bd7 20. f3 Rf6 21. Ra2 Kf7 22. Qa1 fxe3 23. Bxe3 Nf4 24. Rh2 Qc8 25. Rc1 Qf8 26. Ne2 Rh6 27. Rxh6 Nxe2+ 28. Kf2 Nxc1 29. Rh7 Nb3 30. Qh1 Ke8 31. Qh5+ Kd8 32. Qg6 Bf6 33. Rf7 Qh8 34. Qxf6+ Qxf6 35. Rxf6 Kc7 36. Rf7 Nd4 37. Bxd4 exd4 38. Bf5 Rd8 39. f4 gxf4 40. g5 Kc8 41. Rxd7 Rxd7 42. g6 Kd8 43. Bxd7 Ke7 44. Kf3 Kf6 45. Be8 a6 46. Kxf4 1-0

[Event "14th Poti Open-A 2019"]
[Site "Poti"]
[Date "2019.07.13"]
[Round "1.18"]
[White "Abgaryan, Harutyun V."]
[Black "Mesropian, Khachatur"]
[Result "0-1"]
[ECO "D85"]
[WhiteElo "1717"]
[BlackElo "2094"]
[Annotator "NA"]
[PlyCount "176"]
[EventDate "2019.07.13"]
[EventType "swiss"]
[EventCountry "GEO"]
[SourceTitle "playchess.com"]
[Source "ChessBase"]
[SourceQuality "1"]
[TimeControl "40/5400+30:1800+30"]

1. d4 Nf6 2. c4 g6 3. Nc3 d5 4. cxd5 Nxd5 5. Bd2 Nb6 6. Nf3 Bg7 7. Bf4 O-O 8. e3 Nc6 9. Be2 Be6 10. O-O Bc4 11. Bxc4 Nxc4 12. Qe2 Nb6 13. Rfd1 e6 14. Bg3 Qe7 15. Rac1 Rfd8 16. e4 Nxd4 17. Nxd4 Rxd4 18. Rxd4 Bxd4 19. Nb5 c5 20. Bd6 Qg5 21. Rc2 Rd8 22. e5 Nd5 23. Qe4 Qf4 24. Qxf4 Nxf4 25. Nxd4 cxd4 26. g3 Nd5 27. Rd2 Rc8 28. Rxd4 Rc2 29. Ra4 a6 30. b3 Kg7 31. a3 g5 32. Rc4 Rxc4 33. bxc4 Nb6 34. c5 Nd5 35. Kf1 Kg6 36. g4 h5 37. h3 Nf4 38. f3 Nxh3 39. Kg2 Nf4+ 40. Kh2 Nd5 41. Kh3 Ne3 42. Kg3 Nc4 43. Kh3 hxg4+ 44. fxg4 f6 45. Kg3 fxe5 46. Kf3 Kf6 47. Bf8 Nd2+ 48. Ke3 Nc4+ 49. Ke4 Na5 50. Bd6 Nc6 51. a4 a5 52. Bf8 Kf7 53. Bh6 Kf6 54. Bf8 Nb8 55. Bd6 Nd7 56. Ke3 Kf7 57. Kf3 Kg6 58. Ke3 Nf6 59. Kf3 e4+ 60. Ke3 Kf7 61. Bg3 Ke7 62. Be1 Nxg4+ 63. Kxe4 Nf6+ 64. Ke3 e5 65. Bxa5 Ke6 66. Bd8 Nd5+ 67. Ke4 Nc3+ 68. Kd3 Nxa4 69. Bxg5 Nxc5+ 70. Kc4 Ne4 71. Be3 Kd6 72. Kb5 Nc3+ 73. Kc4 Nd5 74. Bg1 e4 75. Kb5 b6 76. Bd4 Kc7 77. Be5+ Kb7 78. Bd4 e3 79. Kc4 Kc6 80. Kd3 Kb5 81. Ke2 Ka5 82. Kd3 b5 83. Ke4 b4 84. Kd3 Ka4 85. Kc2 b3+ 86. Kd3 Ka3 87. Bc5+ Ka2 88. Bd4 b2 0-1

[Event "14th Poti Open-A 2019"]
[Site "Poti"]
[Date "2019.07.13"]
[Round "1.19"]
[White "Pluzyan, Aram"]
[Black "Hagverdiyev, Gahraman"]
[Result "1-0"]
[ECO "C06"]
[WhiteElo "2087"]
[BlackElo "1687"]
[Annotator "NA"]
[PlyCount "91"]
[EventDate "2019.07.13"]
[EventType "swiss"]
[EventCountry "GEO"]
[SourceTitle "playchess.com"]
[Source "ChessBase"]
[SourceQuality "1"]
[TimeControl "40/5400+30:1800+30"]

1. e4 e6 2. d4 d5 3. Nd2 Nf6 4. e5 Nfd7 5. Bd3 c5 6. c3 Nc6 7. Ne2 cxd4 8. cxd4 Qb6 9. Nf3 Bb4+ 10. Kf1 Nf8 11. g3 Bd7 12. Kg2 O-O-O 13. a3 Be7 14. b4 f6 15. Qc2 Kb8 16. exf6 gxf6 17. Bf4+ Ka8 18. b5 Nxd4 19. Nexd4 e5 20. Nxe5 fxe5 21. Bxe5 Bf6 22. Nf3 Bxe5 23. Nxe5 Be6 24. Rac1 Ng6 25. Rhe1 d4 26. Kg1 Qd6 27. Qc5 Qd5 28. Qxd5 Bxd5 29. f4 Rhg8 30. Nxg6 hxg6 31. h4 b6 32. Rc7 Rge8 33. Ree7 Rxe7 34. Rxe7 Rc8 35. Rd7 Rc3 36. Rxd5 Rxd3 37. Kf2 Rb3 38. a4 Rb4 39. Rd6 Rb2+ 40. Kf1 Rb1+ 41. Ke2 Rb2+ 42. Kd1 Rb4 43. Rxg6 Rxa4 44. h5 Ra1+ 45. Kd2 Rh1 46. h6 1-0

[Event "14th Poti Open-A 2019"]
[Site "Poti"]
[Date "2019.07.13"]
[Round "1.20"]
[White "Hovsepyan, Edik"]
[Black "Siprashvili, Ivane"]
[Result "0-1"]
[ECO "A49"]
[WhiteElo "1681"]
[BlackElo "2062"]
[Annotator "NA"]
[PlyCount "88"]
[EventDate "2019.07.13"]
[EventType "swiss"]
[EventCountry "GEO"]
[SourceTitle "playchess.com"]
[Source "ChessBase"]
[SourceQuality "1"]
[TimeControl "40/5400+30:1800+30"]

1. d4 Nf6 2. Nf3 g6 3. g3 Bg7 4. Bg2 O-O 5. O-O d6 6. c4 Nbd7 7. Qc2 c5 8. Rd1 Qc7 9. Nc3 a6 10. a4 cxd4 11. Nxd4 Ne5 12. b3 Nc6 13. Bb2 Nxd4 14. Rxd4 Bf5 15. e4 Be6 16. Rdd1 Rab8 17. Qc1 Qb6 18. Qc2 Ng4 19. h3 Ne5 20. a5 Qc7 21. f4 Qc5+ 22. Kh2 Nc6 23. Nd5 Bxd5 24. Bxg7 Kxg7 25. Qc3+ f6 26. exd5 Nd8 27. Re1 Re8 28. Ra2 b5 29. Rae2 Kf7 30. f5 bxc4 31. bxc4 Rb7 32. Qd2 Kg7 33. Re4 Nf7 34. fxg6 hxg6 35. Rh4 Rb3 36. Rg4 f5 37. Qc2 fxg4 38. Qxb3 gxh3 39. Qb2+ Kh7 40. Bxh3 Ne5 41. Re4 Rf8 42. Bg2 Rf2 43. Re2 Nf3+ 44. Kh1 Rf1+ 0-1

[Event "14th Poti Open-A 2019"]
[Site "Poti"]
[Date "2019.07.13"]
[Round "1.21"]
[White "Bechvaia, Gabriel"]
[Black "Melkonyan, Koryun"]
[Result "1-0"]
[ECO "A57"]
[WhiteElo "1793"]
[BlackElo "1506"]
[Annotator "NA"]
[PlyCount "65"]
[EventDate "2019.07.13"]
[EventType "swiss"]
[EventCountry "GEO"]
[SourceTitle "playchess.com"]
[Source "ChessBase"]
[SourceQuality "1"]
[TimeControl "40/5400+30:1800+30"]

1. d4 Nf6 2. c4 c5 3. d5 b5 4. cxb5 e6 5. Nc3 Bb7 6. e4 a6 7. Bg5 h6 8. Bh4 g5 9. Bg3 axb5 10. Bxb5 Qa5 11. Be5 Bg7 12. Nge2 exd5 13. exd5 O-O 14. O-O Nxd5 15. Bxg7 Kxg7 16. Bd3 Nxc3 17. bxc3 Qb6 18. Ng3 Rh8 19. Nf5+ Kf8 20. Bc4 Qc6 21. f3 d5 22. Re1 Qd7 23. Bd3 Nc6 24. Qe2 c4 25. Bc2 f6 26. Qe3 Ne5 27. Qc5+ Kg8 28. Nd6 Qc6 29. Nxb7 Qxb7 30. Bf5 Kg7 31. Reb1 Qa7 32. Rb5 Rhb8 33. Qxa7+ 1-0

[Event "14th Poti Open-A 2019"]
[Site "Poti"]
[Date "2019.07.13"]
[Round "1.22"]
[White "Gongliashvili, Zurab"]
[Black "Liponava, Zurab"]
[Result "0-1"]
[ECO "B28"]
[WhiteElo "1505"]
[BlackElo "1793"]
[Annotator "NA"]
[PlyCount "50"]
[EventDate "2019.07.13"]
[EventType "swiss"]
[EventCountry "GEO"]
[SourceTitle "playchess.com"]
[Source "ChessBase"]
[SourceQuality "1"]
[TimeControl "40/5400+30:1800+30"]

1. e4 c5 2. Nf3 a6 3. d3 d5 4. Nbd2 Nc6 5. g3 dxe4 6. Nxe4 e5 7. Be3 f5 8. Bg5 Qb6 9. Ned2 Be6 10. Nb3 h6 11. Bd2 Nf6 12. Bg2 c4 13. Be3 Qc7 14. dxc4 Bxc4 15. Nh4 f4 16. Bd2 g5 17. Nf3 O-O-O 18. Ng1 e4 19. gxf4 gxf4 20. Qc1 Bd6 21. Bc3 Be5 22. Nd2 Bd5 23. Nf1 Kb8 24. f3 Bxc3+ 25. bxc3 Qe5 0-1

[Event "14th Poti Open-A 2019"]
[Site "Poti"]
[Date "2019.07.14"]
[Round "2.1"]
[White "Mustafayev, Farid"]
[Black "Pantsulaia, Levan"]
[Result "0-1"]
[ECO "A04"]
[WhiteElo "2289"]
[BlackElo "2612"]
[Annotator "ChessBase"]
[PlyCount "88"]
[EventDate "2019.07.13"]
[EventType "swiss"]
[EventCountry "GEO"]
[SourceTitle "playchess.com"]
[Source "ChessBase"]
[SourceQuality "1"]
[TimeControl "40/5400+30:1800+30"]

1. Nf3 c5 2. b3 d6 3. Bb2 e5 4. d3 g6 5. g3 Bg7 6. Bg2 Ne7 7. O-O O-O 8. Nfd2 d5 9. Nc3 Nbc6 10. e3 Be6 11. Na4 b6 12. c4 Qd7 13. Qe2 Rad8 14. Rad1 Rfe8 15. a3 Na5 16. Nc3 d4 17. Nce4 dxe3 18. Nf3 exf2+ 19. Qxf2 f6 20. b4 cxb4 21. axb4 Nac6 22. b5 Nb4 23. Nxe5 fxe5 24. Nf6+ Bxf6 25. Qxf6 Nf5 26. Qxe5 Qg7 27. Rxf5 Qxe5 28. Rxe5 Nxd3 29. Re3 Bxc4 30. Bd5+ Rxd5 31. Rxe8+ Kf7 32. Re2 Nxb2 33. Rxd5 Bxe2 34. Rd2 Bxb5 35. Rxb2 Bc4 36. Kf2 b5 37. Ke3 a5 38. Kd4 Ke6 39. Kc5 Kf5 40. h3 Ke4 41. Rf2 Ke3 42. Rf8 Bd3 43. Rf7 h5 44. Ra7 b4 0-1

[Event "14th Poti Open-A 2019"]
[Site "Poti"]
[Date "2019.07.14"]
[Round "2.2"]
[White "Paichadze, Luka"]
[Black "Lomsadze, Davit"]
[Result "1-0"]
[ECO "C58"]
[WhiteElo "2567"]
[BlackElo "2292"]
[Annotator "ChessBase"]
[PlyCount "109"]
[EventDate "2019.07.13"]
[EventType "swiss"]
[EventCountry "GEO"]
[SourceTitle "playchess.com"]
[Source "ChessBase"]
[SourceQuality "1"]
[TimeControl "40/5400+30:1800+30"]

1. e4 e5 2. Nf3 Nc6 3. Bc4 Nf6 4. Ng5 d5 5. exd5 Na5 6. Bb5+ c6 7. dxc6 bxc6 8. Bd3 Be7 9. O-O O-O 10. Re1 Qc7 11. Nc3 h6 12. Nf3 Bd6 13. Bf1 Rb8 14. a3 c5 15. b4 Nc6 16. Nb5 Rxb5 17. Bxb5 e4 18. bxc5 Bxc5 19. d4 exf3 20. Bxc6 Rd8 21. Qxf3 Bg4 22. Qb3 Bxd4 23. c3 Bxf2+ 24. Kxf2 Qxc6 25. Kg1 Ne4 26. Be3 Nxc3 27. Rac1 Rd3 28. Qb8+ Kh7 29. Qe5 a6 30. Rc2 Qd5 31. Qxd5 Nxd5 32. Bc1 Nc3 33. h3 Bh5 34. Kh2 Nb1 35. Rc5 Bg6 36. h4 Rd4 37. h5 Rh4+ 38. Kg3 Rxh5 39. Rxh5 Bxh5 40. Re3 g5 41. Kf2 Bg6 42. Ke1 g4 43. Bb2 h5 44. Re8 Bd3 45. g3 f5 46. Re7+ Kg6 47. Rg7+ Kh6 48. Rd7 Be4 49. Kf2 a5 50. Ra7 Kg6 51. Ke3 a4 52. Rxa4 h4 53. Ra6+ Kh7 54. gxh4 g3 55. Rd6 1-0

[Event "14th Poti Open-A 2019"]
[Site "Poti"]
[Date "2019.07.14"]
[Round "2.3"]
[White "Melkonyan, Vardan"]
[Black "Nigalidze, Gaioz"]
[Result "1-0"]
[ECO "B30"]
[WhiteElo "2232"]
[BlackElo "2563"]
[Annotator "ChessBase"]
[PlyCount "65"]
[EventDate "2019.07.13"]
[EventType "swiss"]
[EventCountry "GEO"]
[SourceTitle "playchess.com"]
[Source "ChessBase"]
[SourceQuality "1"]
[TimeControl "40/5400+30:1800+30"]

1. e4 c5 2. Nf3 Nc6 3. Bb5 e6 4. O-O Nge7 5. Re1 a6 6. Bf1 Ng6 7. c3 Be7 8. d4 cxd4 9. cxd4 d5 10. exd5 exd5 11. Nc3 O-O 12. g3 Bg4 13. Bg2 Bf6 14. Be3 Qd7 15. Rc1 Rad8 16. Na4 Rfe8 17. Nc5 Qc7 18. Qd2 Bc8 19. Rc3 Qd6 20. Rec1 Na5 21. b3 b6 22. Nd3 Bb7 23. Nfe5 Rc8 24. Bh3 Rxc3 25. Qxc3 Bd8 26. Bg2 Ne7 27. Bf4 Qa3 28. Nb4 f6 29. Rd1 fxe5 30. Bc1 Qxb4 31. Qxb4 Nac6 32. Qd6 exd4 33. Qd7 1-0

[Event "14th Poti Open-A 2019"]
[Site "Poti"]
[Date "2019.07.14"]
[Round "2.4"]
[White "Sanikidze, Tornike"]
[Black "Manukyan, Sargis V."]
[Result "1-0"]
[ECO "D35"]
[WhiteElo "2509"]
[BlackElo "2282"]
[Annotator "ChessBase"]
[PlyCount "79"]
[EventDate "2019.07.13"]
[EventType "swiss"]
[EventCountry "GEO"]
[SourceTitle "playchess.com"]
[Source "ChessBase"]
[SourceQuality "1"]
[TimeControl "40/5400+30:1800+30"]

1. d4 Nf6 2. c4 e6 3. Nc3 d5 4. cxd5 exd5 5. Bg5 Be7 6. e3 c6 7. Qc2 O-O 8. Bd3 Nbd7 9. Nge2 Re8 10. f3 c5 11. O-O h6 12. Bh4 a6 13. a4 b6 14. Rad1 Bb7 15. Bf5 Nf8 16. Kh1 Qc7 17. Qc1 Rad8 18. Bb1 Ne6 19. Qc2 g6 20. Qc1 Kg7 21. Ba2 cxd4 22. Nxd4 Nxd4 23. Rxd4 g5 24. Bg3 Qc8 25. Rfd1 Bc5 26. R4d3 Qa8 27. b4 Bxb4 28. Qb2 Bxc3 29. Rxc3 d4 30. Rc7 Bd5 31. e4 Be6 32. Be5 Kg6 33. Bb1 Rd7 34. Bxf6 Rxc7 35. e5+ Bf5 36. Bxf5+ Kxf5 37. Qxd4 Kg6 38. Qd3+ Kh5 39. g4+ Kh4 40. Bxg5+ 1-0

[Event "14th Poti Open-A 2019"]
[Site "Poti"]
[Date "2019.07.14"]
[Round "2.5"]
[White "Eynullayev, Atilla"]
[Black "Maghalashvili, Davit"]
[Result "1/2-1/2"]
[ECO "A43"]
[WhiteElo "2228"]
[BlackElo "2485"]
[Annotator "ChessBase"]
[PlyCount "157"]
[EventDate "2019.07.13"]
[EventType "swiss"]
[EventCountry "GEO"]
[SourceTitle "playchess.com"]
[Source "ChessBase"]
[SourceQuality "1"]
[TimeControl "40/5400+30:1800+30"]

1. d4 Nf6 2. c4 c5 3. d5 d6 4. Nc3 g6 5. e4 Bg7 6. Be2 O-O 7. Be3 e6 8. Nf3 exd5 9. cxd5 Bg4 10. Nd2 Bxe2 11. Qxe2 Re8 12. O-O Na6 13. Kh1 Nc7 14. a4 Rb8 15. Bg5 Qd7 16. Qd3 a6 17. a5 b5 18. axb6 Rxb6 19. Nc4 Rb3 20. f3 Reb8 21. Bf4 Bf8 22. e5 Nh5 23. Be3 dxe5 24. Nxe5 Qe8 25. Nc4 Rd8 26. d6 Ne6 27. Rxa6 Bg7 28. Rb6 Rxb6 29. Nxb6 Qc6 30. Nc4 Nd4 31. Qe4 Qa6 32. Qd5 Ne6 33. Rd1 Nf6 34. Qd3 Nd7 35. Nd5 Qb7 36. Ne7+ Kf8 37. f4 Nd4 38. f5 Ne5 39. Nxe5 Bxe5 40. fxg6 Rxd6 41. Rf1 Rf6 42. Bg5 Qxe7 43. Bxf6 Bxf6 44. gxh7 Kg7 45. Qh3 Kh8 46. Qh6 Bg7 47. Qh5 f5 48. Ra1 Bf8 49. Qg6 Qxh7 50. Qxh7+ Kxh7 51. Kg1 Kg6 52. Ra6+ Kg5 53. g3 Nf3+ 54. Kg2 Nd4 55. Kf2 Bg7 56. Ra5 Nc6 57. Rb5 Nb4 58. Kf3 Bd4 59. b3 Nd3 60. Ke2 Nb4 61. Kf3 Nc2 62. h3 Be3 63. Rb8 Bc1 64. Ke2 Nd4+ 65. Kd3 Nc6 66. Rc8 Ne5+ 67. Ke2 Ba3 68. Ke3 Bb4 69. Rg8+ Kh6 70. g4 fxg4 71. hxg4 Nc6 72. Kd3 Nd4 73. Kc4 Nf3 74. Kd5 Nd2 75. Rb8 Nxb3 76. Rxb4 cxb4 77. Kc4 Kg5 78. Kxb3 Kxg4 79. Kxb4 1/2-1/2

[Event "14th Poti Open-A 2019"]
[Site "Poti"]
[Date "2019.07.14"]
[Round "2.6"]
[White "Babujian, Levon"]
[Black "Botoyan, Smbat"]
[Result "1/2-1/2"]
[ECO "D20"]
[WhiteElo "2469"]
[BlackElo "2240"]
[Annotator "ChessBase"]
[PlyCount "89"]
[EventDate "2019.07.13"]
[EventType "swiss"]
[EventCountry "GEO"]
[SourceTitle "playchess.com"]
[Source "ChessBase"]
[SourceQuality "1"]
[TimeControl "40/5400+30:1800+30"]

1. d4 d5 2. c4 dxc4 3. e4 e5 4. Nf3 Nf6 5. Nc3 exd4 6. Qxd4 Qxd4 7. Nxd4 Bc5 8. Ndb5 Na6 9. Bf4 c6 10. Nd6+ Bxd6 11. Bxd6 Be6 12. f4 O-O-O 13. O-O-O Ne8 14. Be7 Rxd1+ 15. Nxd1 f6 16. f5 Bf7 17. e5 fxe5 18. Ne3 b5 19. Be2 Nf6 20. Ng4 Nd7 21. h4 h5 22. Nf2 Bd5 23. Rh3 Nac5 24. Rg3 Rh7 25. Rg6 e4 26. Nh3 Nd3+ 27. Kc2 N7e5 28. Rg5 e3 29. Rg3 Be4 30. Ng5 Bxf5 31. Nxh7 Nf2+ 32. Kc1 Ned3+ 33. Bxd3 Nxd3+ 34. Kd1 Nxb2+ 35. Ke2 c3 36. Bc5 Bd3+ 37. Ke1 Bxh7 38. Bxe3 Nd3+ 39. Kd1 Nb2+ 40. Ke2 Bd3+ 41. Ke1 g6 42. Bxa7 b4 43. Bd4 Bf5 44. a3 c5 45. Bxc5 1/2-1/2

[Event "14th Poti Open-A 2019"]
[Site "Poti"]
[Date "2019.07.14"]
[Round "2.7"]
[White "Shahinyan, David"]
[Black "Dolzhykova, Kateryna"]
[Result "1-0"]
[ECO "B23"]
[WhiteElo "2445"]
[BlackElo "2228"]
[Annotator "ChessBase"]
[PlyCount "69"]
[EventDate "2019.07.13"]
[EventType "swiss"]
[EventCountry "GEO"]
[SourceTitle "playchess.com"]
[Source "ChessBase"]
[SourceQuality "1"]
[TimeControl "40/5400+30:1800+30"]

1. e4 c5 2. Nc3 e6 3. g3 Nc6 4. Bg2 g6 5. d3 Bg7 6. Be3 d6 7. Qd2 Rb8 8. Nge2 b5 9. O-O b4 10. Nd1 Bb7 11. a3 a5 12. axb4 axb4 13. d4 Qe7 14. c3 Nf6 15. e5 Nd7 16. Bg5 f6 17. exf6 Nxf6 18. d5 Ne5 19. Nf4 exd5 20. Ra7 O-O 21. Nxd5 Qd7 22. Nxf6+ Bxf6 23. Rxb7 Rxb7 24. Qd5+ Nf7 25. Bxf6 Ra7 26. Ne3 Re8 27. cxb4 cxb4 28. Qd4 b3 29. Bc6 Qxc6 30. Qxa7 d5 31. Qd4 Re4 32. Qxd5 Qxf6 33. Qxe4 Ng5 34. Qd5+ Kg7 35. h4 1-0

[Event "14th Poti Open-A 2019"]
[Site "Poti"]
[Date "2019.07.14"]
[Round "2.8"]
[White "Tereladze, Sopiko"]
[Black "Urazayev, Arystanbek"]
[Result "1/2-1/2"]
[ECO "C44"]
[WhiteElo "2144"]
[BlackElo "2436"]
[Annotator "ChessBase"]
[PlyCount "82"]
[EventDate "2019.07.13"]
[EventType "swiss"]
[EventCountry "GEO"]
[SourceTitle "playchess.com"]
[Source "ChessBase"]
[SourceQuality "1"]
[TimeControl "40/5400+30:1800+30"]

1. e4 e5 2. Nf3 Nc6 3. d4 exd4 4. Nxd4 Nf6 5. Nc3 Bb4 6. Nxc6 bxc6 7. Bd3 O-O 8. O-O Re8 9. Re1 d5 10. exd5 Rxe1+ 11. Qxe1 cxd5 12. Bg5 Be6 13. Bxf6 gxf6 14. Qe3 Bxc3 15. bxc3 f5 16. Qg3+ Kh8 17. Qe5+ Kg8 18. Re1 Qd6 19. Qf6 Bd7 20. Qg5+ Qg6 21. Qf4 c5 22. Re3 Qf6 23. Re5 Rb8 24. g3 Rb1+ 25. Kg2 Kf8 26. Bxf5 Bc6 27. Re2 Bb5 28. Bd3 Qxf4 29. gxf4 Bxd3 30. cxd3 Rd1 31. Re3 d4 32. cxd4 cxd4 33. Re5 Rxd3 34. Ra5 Ke7 35. Rxa7+ Ke6 36. f5+ Kf6 37. Rd7 h5 38. a4 Rd2 39. a5 Ra2 40. Rxd4 Rxa5 41. Rb4 Kxf5 1/2-1/2

[Event "14th Poti Open-A 2019"]
[Site "Poti"]
[Date "2019.07.14"]
[Round "2.9"]
[White "Arabidze, Meri"]
[Black "Yeritsyan, Hayk"]
[Result "1/2-1/2"]
[ECO "D37"]
[WhiteElo "2402"]
[BlackElo "2210"]
[Annotator "ChessBase"]
[PlyCount "61"]
[EventDate "2019.07.13"]
[EventType "swiss"]
[EventCountry "GEO"]
[SourceTitle "playchess.com"]
[Source "ChessBase"]
[SourceQuality "1"]
[TimeControl "40/5400+30:1800+30"]

1. d4 d5 2. c4 e6 3. Nc3 Be7 4. Nf3 Nf6 5. Bf4 c5 6. dxc5 Bxc5 7. e3 Nc6 8. a3 O-O 9. Qc2 Qa5 10. Nd2 Be7 11. Bg3 Qb6 12. cxd5 exd5 13. Bd3 d4 14. Nc4 Qd8 15. Nb5 Be6 16. O-O Bxc4 17. Qxc4 Nh5 18. Nxd4 Nxd4 19. exd4 Nxg3 20. hxg3 Rc8 21. Qa4 Qb6 22. d5 g6 23. Rab1 Bd6 24. Qg4 Rfe8 25. Qf3 Re5 26. Rfd1 Rce8 27. Qf6 Qd8 28. Qxd8 Rxd8 29. Bc4 Rc8 30. Rbc1 Kf8 31. Kf1 1/2-1/2